 Dungeon Crawl Stone Soup version 0.27-a0-679-g77a6b55cf3 (webtiles) character file.

Game seed: 18297540457947498078

2 Lanoc the Sneak (level 1, -4/13 HPs)
             Began as a Deep Elf Delver on Mar 18, 2021.
             Slain by Duvessa
             ... wielding a +0 short sword
              (12 damage)
             ... on level 4 of the Dungeon.
             The game lasted 00:00:49 (179 turns).

Lanoc the Sneak (Deep Elf Delver)                    Turns: 179, Time: 00:00:50

Health: -4/13      AC:  3    Str:  9    XL:     1   Next: 25%
Magic:  3/3        EV: 12    Int: 14    God:
Gold:   15         SH:  0    Dex: 16    Spells: 0/0 levels left

rFire    . . .     SeeInvis .   a - +0 short sword
rCold    . . .     Faith    .   (no shield)
rNeg     . . .     Spirit   .   b - +0 leather armour
rPois    .         Reflect  .   (no helmet)
rElec    .         Harm     .   (no cloak)
rCorr    .         Rampage  .   (no gloves)
Will     .....                  (no boots)
Stlth    ++........             (no amulet)
HPRegen  0.04/turn              (no ring)
MPRegen  0.08/turn              (no ring)

@: coronaed, glowing
A: no striking features
a: no special abilities


You were on level 4 of the Dungeon.
You visited 1 branch of the dungeon, and saw 2 of its levels.

You collected 15 gold pieces.

Inventory:

Hand Weapons
 a - a +0 short sword (weapon)
Armour
 b - a +0 leather armour (worn)
Wands
 g - a wand of digging (3)
Scrolls
 c - a scroll of fog
 e - a scroll of fear
Potions
 f - a potion of haste


   Skills:
 + Level 2.4 Fighting
 - Level 2.0 Short Blades
 + Level 2.5 Dodging
 - Level 6.0 Stealth


You couldn't memorise any spells.
You didn't know any spells.
Your spell library contained the following spells:

 Spells                   Type           Power      Damage    Failure   Level
 Beastly Appendage        Tmut           0%         N/A       38%         1
 Wereblood                Tmut           0%         N/A       52%         2
 Spider Form              Tmut/Pois      0%         N/A       77%         3
 Ice Form                 Ice/Tmut       0%         N/A       99%         4
 Blade Hands              Tmut           0%         N/A       100%        5


Dungeon Overview and Level Annotations

Branches:
Dungeon (5/15)
 Temple: D:4-7

Altars:

Annotations:
D:4 Dowan, Duvessa
D:5 Menkaure


Message History

You hear a shout! x3; You hear an angry hiss.
You hear a shout!
An orc priest comes into view.
The orc priest shouts!
The dart slug launches a dart at you. The slug dart misses you.
An orc wizard comes into view. It is wielding a +0 dagger.
The orc priest moves out of view.
Found a stone staircase leading up.
There is a stone staircase leading up here.
You climb upwards.
An orc comes into view. It is wielding a +0 dagger.
Found 15 gold pieces and a ring mail.
Found a stone staircase leading down.
There is a stone staircase leading down here.
You start resting.
HP restored.
Found 14 gold pieces.
Found a scroll labelled HOICWIYLYLL.
The helpless orc fails to defend itself.
You impale the orc!!
You kill the orc!
You now have 15 gold pieces.
You see here a +0 ring mail.
Duvessa, Sister of Dowan comes into view.
She is wielding a +0 short sword.
You see here a +0 dagger.
Dowan, Brother of Duvessa comes into view.
He is wielding a +0 dagger.
Duvessa shouts!
You see here a scroll labelled HOICWIYLYLL.
As you read the scroll labelled HOICWIYLYLL, it crumbles to dust.
The creatures around you are filled with an inner flame!
It was a scroll of immolation.
Dowan shouts!
You hit Duvessa but do no damage.
Duvessa says, "When magic and the sword combine, nothing stands against them."
Duvessa hits you with a +0 short sword.
You closely miss Duvessa. Dowan casts a spell at you.
You are outlined in light.
Duvessa hits you with a +0 short sword.
You barely miss Duvessa. Duvessa hits you with a +0 short sword!
Ouch! That really hurt!
You die...

###... ## #...e#...
#.#......
####...#....
#####...e#.... ..
#.....#.....## ...
#..@e........##....
#...............#>#
###....)[..........
###..............
###............
###..........
#............
#......#.####
#.###>.#.#


You could see Duvessa (inner flame) and Dowan.

Vanquished Creatures
  An orc (D:4)
1 creature vanquished.

Notes
Turn   | Place    | Note
-------+----------+-------------------------------------------
     0 | D:5      | Lanoc the Deep Elf Delver began the quest for the Orb.
     0 | D:5      | Reached XP level 1. HP: 13/13 MP: 3/3
     9 | D:5      | Noticed a two-headed ogre
    18 | D:5      | Noticed a howler monkey
    28 | D:5      | Noticed a scorpion
    31 | D:5      | Noticed Menkaure
    44 | D:5      | Noticed a hound
    45 | D:5      | Noticed an orc warrior
    46 | D:5      | Noticed an orc priest
    46 | D:5      | Noticed an orc wizard
   165 | D:4      | Noticed Duvessa
   168 | D:4      | Noticed Dowan
   179 | D:4      | Slain by Duvessa

Illustrated notes

Levels and vault maps discovered:
D:4:      layout_rooms, minmay_overflow_temple_star_quad, serial_undead,
          serial_undead_e, serial_undead_a, serial_undead_b, serial_undead_b,
          minivault_27, uniq_crazy_yiuf_cottage, uniq_grinder, uniq_duvessa
D:5:      layout_cave_pools, minmay_misc_feat_five, uniq_menkaure,
          uniq_blork_the_orc

Action                   || total
-------------------------++-------
Melee: Short sword       ||     4
  Use: Scroll            ||     2
 Stab: Sleeping          ||     1
Dodge: Dodged            ||     1

Table legend: (Time is in decaauts)
 A = Elapsed time spent in this place.
 B = Non-inter-level travel time spent in this place.
 C = Inter-level travel time spent in this place.
 D = Time resting spent in this place.
 E = Time spent auto-exploring this place.
 F = Levels seen in this place.
 G = Mean time per level.
                   A        B        C        D        E       F      G
               +--------+--------+--------+--------+--------+-----+--------+
         Total |    178 |    178 |      0 |     93 |     13 |   2 |   89.0 |
       Dungeon |    178 |    178 |      0 |     93 |     13 |   2 |   89.0 |
               +--------+--------+--------+--------+--------+-----+--------+

Top non-repeatable levels by time:
     D:4: 124 daAuts
     D:5: 54 daAuts
